[Event "1000GM Spring Break Schev-F 2024"]
[Site "San Jose"]
[Date "2024.04.07"]
[Round "1.1"]
[White "Sethuraman, Anand"]
[Black "Gongora Montes, Benjamin"]
[Result "0-1"]
[ECO "D07"]
[WhiteElo "1749"]
[BlackElo "2092"]
[Annotator "RC"]
[PlyCount "54"]
[EventDate "2024.03.28"]
[EventType "schev"]
[EventCountry "USA"]
[SourceTitle "playchess.com"]
[Source "ChessBase"]
[SourceQuality "1"]
[TimeControl "5400+30"]

1. Nf3 Nc6 2. d4 d5 3. c4 Bg4 4. e3 e5 5. cxd5 Qxd5 6. Nc3 Bb4 7. a3 Bxc3+ 8. bxc3 e4 9. c4 Qh5 10. Qa4 exf3 11. d5 Bd7 12. dxc6 Bxc6 13. g4 Qe5 14. Qc2 Qxa1 15. Bd3 Nf6 16. O-O Qe5 17. Bb2 Qg5 18. Kh1 Nxg4 19. Bf5 Nxh2 20. Bh3 Nxf1 21. Bxf1 Rd8 22. c5 Qh4+ 23. Kg1 Qg4+ 24. Kh2 Rd5 25. Bh3 Rh5 26. Qe4+ Bxe4 27. Kh1 Rxh3# 0-1

[Event "1000GM Spring Break Schev-F 2024"]
[Site "San Jose"]
[Date "2024.04.07"]
[Round "1.2"]
[White "Penagalapati, Abhinav"]
[Black "Solis Castro, Angel Alejan"]
[Result "1-0"]
[ECO "A62"]
[WhiteElo "2098"]
[BlackElo "2066"]
[Annotator "RC"]
[PlyCount "85"]
[EventDate "2024.03.28"]
[EventType "schev"]
[EventCountry "USA"]
[SourceTitle "playchess.com"]
[Source "ChessBase"]
[SourceQuality "1"]
[TimeControl "5400+30"]

1. d4 Nf6 2. c4 e6 3. g3 c5 4. d5 exd5 5. cxd5 d6 6. Nc3 g6 7. Bg2 Bg7 8. Nf3 O-O 9. O-O Re8 10. Bf4 a6 11. a4 Ne4 12. Rc1 Nxc3 13. bxc3 b5 14. Re1 Qb6 15. axb5 axb5 16. Qb3 Bg4 17. e4 Nd7 18. Nd2 Ne5 19. Bxe5 dxe5 20. Ra1 Bd7 21. Bf1 Ra6 22. Reb1 Rb8 23. Ra2 Bf8 24. Rab2 Qa7 25. Nc4 f6 26. Qc2 Ra4 27. Ne3 b4 28. Bc4 Kg7 29. d6 Be8 30. Bb3 Ra1 31. cxb4 Rxb4 32. Nd5 Rxb1+ 33. Rxb1 Rb8 34. Qd1 Bxd6 35. Nxf6 Be7 36. Nxe8+ Rxe8 37. Qd5 Bf8 38. Bc4 Kh6 39. Rb7 Qa1+ 40. Kg2 Qd4 41. Rxh7+ Kxh7 42. Qg8+ Kh6 43. Qh8+ 1-0

[Event "1000GM Spring Break Schev-F 2024"]
[Site "San Jose"]
[Date "2024.04.07"]
[Round "1.3"]
[White "Yang, Maxwell"]
[Black "Varela Velazquez, Carlos Francisco"]
[Result "0-1"]
[ECO "E48"]
[WhiteElo "1987"]
[BlackElo "2084"]
[Annotator "ChessBase"]
[PlyCount "52"]
[EventDate "2024.03.28"]
[EventType "schev"]
[EventCountry "USA"]
[SourceTitle "playchess.com"]
[Source "ChessBase"]
[SourceQuality "1"]
[TimeControl "5400+30"]

1. d4 Nf6 2. c4 e6 3. Nc3 Bb4 4. e3 O-O 5. Bd3 d5 6. Nge2 dxc4 7. Bxc4 c5 8. O-O cxd4 9. exd4 Nc6 10. Bg5 Be7 11. Qd2 b6 12. Rad1 Bb7 13. Qc2 Rc8 14. Qa4 Qe8 15. Nf4 a6 16. Nxe6 b5 17. Nxb5 fxe6 18. Bxe6+ Kh8 19. Nc3 Rd8 20. Bxf6 Bxf6 21. d5 Ne5 22. Qb4 Rb8 23. Qc5 Bc8 24. Qd6 Rxb2 25. Na4 Rxa2 26. Nb6 Bb7 0-1

[Event "1000GM Spring Break Schev-F 2024"]
[Site "San Jose"]
[Date "2024.04.07"]
[Round "1.5"]
[White "Rodi, Luis Ernesto"]
[Black "Jin, Austin"]
[Result "1-0"]
[ECO "C81"]
[WhiteElo "2211"]
[BlackElo "1966"]
[Annotator "RC"]
[PlyCount "61"]
[EventDate "2024.03.28"]
[EventType "schev"]
[EventCountry "USA"]
[SourceTitle "playchess.com"]
[Source "ChessBase"]
[SourceQuality "1"]
[TimeControl "5400+30"]

1. e4 e5 2. Nf3 Nc6 3. Bb5 a6 4. Ba4 Nf6 5. O-O Nxe4 6. d4 b5 7. Bb3 d5 8. dxe5 Be6 9. Qe2 Be7 10. Rd1 O-O 11. c4 bxc4 12. Bxc4 Bc5 13. Be3 Bxe3 14. Qxe3 Qb8 15. Bb3 Na5 16. Nbd2 Qa7 17. Nxe4 Qxe3 18. fxe3 Nxb3 19. axb3 dxe4 20. Nd4 Rfd8 21. Rdc1 Rd5 22. Rxc7 Rxe5 23. b4 Bd5 24. Rxa6 Ree8 25. b5 g6 26. h4 Reb8 27. Rd6 Be6 28. b6 Ra6 29. Rxe6 fxe6 30. b7 Rd6 31. Rc8+ 1-0

[Event "1000GM Spring Break Schev-F 2024"]
[Site "San Jose"]
[Date "2024.04.07"]
[Round "2.1"]
[White "Solis Castro, Angel Alejan"]
[Black "Sethuraman, Anand"]
[Result "1/2-1/2"]
[ECO "E95"]
[WhiteElo "2066"]
[BlackElo "1749"]
[Annotator "ChessBase"]
[PlyCount "83"]
[EventDate "2024.03.28"]
[EventType "schev"]
[EventCountry "USA"]
[SourceTitle "playchess.com"]
[Source "ChessBase"]
[SourceQuality "1"]
[TimeControl "5400+30"]

1. d4 Nf6 2. c4 g6 3. Nc3 Bg7 4. e4 d6 5. Be2 O-O 6. Nf3 Nbd7 7. O-O e5 8. Re1 c6 9. Bf1 Qc7 10. h3 a5 11. d5 Nc5 12. b3 h6 13. a3 Kh7 14. Bd2 Nfd7 15. Qc2 f5 16. exf5 gxf5 17. Nh4 e4 18. b4 axb4 19. axb4 Rxa1 20. Rxa1 Nd3 21. Bxd3 exd3 22. Qxd3 Ne5 23. Qf1 Qd8 24. f4 Qxh4 25. fxe5 Bxe5 26. Ra8 f4 27. Be1 Qg5 28. dxc6 bxc6 29. Ne4 Qg6 30. Nf2 Rg8 31. Qd3 Bf5 32. Rxg8 Bxd3 33. Rxg6 Bxg6 34. Kf1 Bf7 35. c5 Bc4+ 36. Kg1 dxc5 37. bxc5 Bd4 38. Bd2 Bxc5 39. Bxf4 Kg6 40. g4 Bxf2+ 41. Kxf2 h5 42. gxh5+ 1/2-1/2

[Event "1000GM Spring Break Schev-F 2024"]
[Site "San Jose"]
[Date "2024.04.07"]
[Round "2.2"]
[White "Varela Velazquez, Carlos Francisco"]
[Black "Penagalapati, Abhinav"]
[Result "0-1"]
[ECO "B63"]
[WhiteElo "2084"]
[BlackElo "2098"]
[Annotator "RC"]
[PlyCount "60"]
[EventDate "2024.03.28"]
[EventType "schev"]
[EventCountry "USA"]
[SourceTitle "playchess.com"]
[Source "ChessBase"]
[SourceQuality "1"]
[TimeControl "5400+30"]

1. e4 c5 2. Nf3 d6 3. d4 cxd4 4. Nxd4 Nf6 5. Nc3 Nc6 6. Bg5 e6 7. Qd2 Qb6 8. O-O-O Qxd4 9. Qxd4 Nxd4 10. Rxd4 a6 11. Na4 e5 12. Bxf6 gxf6 13. Rd1 Be6 14. Nb6 Rd8 15. Bc4 Rg8 16. Rhg1 Rg4 17. Bd5 Rb8 18. Rd3 f5 19. Rh3 h6 20. exf5 Bxf5 21. Rf3 Bg6 22. Rb3 Be7 23. Rd1 Rf4 24. f3 Rh4 25. h3 Kd8 26. Nc8 Rxc8 27. Rc3 Rd4 28. Rxd4 exd4 29. Ra3 Rc5 30. Ra5 b5 0-1

[Event "1000GM Spring Break Schev-F 2024"]
[Site "San Jose"]
[Date "2024.04.07"]
[Round "2.3"]
[White "Dominguez Aguilar, Guillermo"]
[Black "Yang, Maxwell"]
[Result "1-0"]
[ECO "B23"]
[WhiteElo "2285"]
[BlackElo "1987"]
[Annotator "RC"]
[PlyCount "95"]
[EventDate "2024.03.28"]
[EventType "schev"]
[EventCountry "USA"]
[SourceTitle "playchess.com"]
[Source "ChessBase"]
[SourceQuality "1"]
[TimeControl "5400+30"]

1. e4 c5 2. Nc3 d6 3. f4 g6 4. Nf3 Bg7 5. Bb5+ Bd7 6. Bxd7+ Qxd7 7. O-O Nc6 8. d3 e6 9. f5 exf5 10. exf5 Nge7 11. fxg6 hxg6 12. Ne4 Nf5 13. Bg5 O-O 14. Qd2 f6 15. Bf4 g5 16. Bg3 Nxg3 17. Nxg3 Qg4 18. Ne4 Rad8 19. Rae1 b6 20. h3 Qh5 21. c3 Qg6 22. g4 Rfe8 23. Ng3 Ne5 24. Nf5 Bf8 25. d4 Nc6 26. Qd3 Qf7 27. Rxe8 Qxe8 28. Kg2 d5 29. Re1 Qd7 30. Ng3 c4 31. Qg6+ Qg7 32. Qf5 Ne7 33. Qe6+ Qf7 34. Nh5 Ng6 35. Nxf6+ Kg7 36. Nh5+ Kg8 37. Nxg5 Qxe6 38. Rxe6 Rd6 39. Nf6+ Kh8 40. Rxd6 Bxd6 41. Nxd5 Bf4 42. Ne4 Bc1 43. b4 cxb3 44. axb3 b5 45. Nc7 Nf4+ 46. Kf3 b4 47. cxb4 Nd3 48. b5 1-0

[Event "1000GM Spring Break Schev-F 2024"]
[Site "San Jose"]
[Date "2024.04.07"]
[Round "2.5"]
[White "Jin, Austin"]
[Black "Gongora Montes, Benjamin"]
[Result "0-1"]
[ECO "C02"]
[WhiteElo "1966"]
[BlackElo "2092"]
[Annotator "RC"]
[PlyCount "72"]
[EventDate "2024.03.28"]
[EventType "schev"]
[EventCountry "USA"]
[SourceTitle "playchess.com"]
[Source "ChessBase"]
[SourceQuality "1"]
[TimeControl "5400+30"]

1. e4 e6 2. d4 d5 3. e5 c5 4. c3 Bd7 5. Nf3 Nc6 6. a3 cxd4 7. cxd4 b5 8. Be2 Qb6 9. O-O Nge7 10. Qd3 Nf5 11. Rd1 Rc8 12. Bf4 b4 13. g4 Nfe7 14. Nbd2 Ng6 15. Bg3 h5 16. h3 Be7 17. Kg2 h4 18. Bh2 Na5 19. Rdc1 O-O 20. Qe3 Bb5 21. Bxb5 Qxb5 22. a4 Qa6 23. Bf4 Rxc1 24. Rxc1 Rc8 25. Rxc8+ Qxc8 26. Bg5 Bxg5 27. Qxg5 Nc4 28. Nxc4 dxc4 29. Qc1 Qc6 30. Qe3 c3 31. bxc3 bxc3 32. d5 exd5 33. Nd4 Qc4 34. e6 fxe6 35. Qxe6+ Kh7 36. Nf3 Nf4+ 0-1

[Event "1000GM Spring Break Schev-F 2024"]
[Site "San Jose"]
[Date "2024.04.07"]
[Round "3.1"]
[White "Sethuraman, Anand"]
[Black "Varela Velazquez, Carlos Francisco"]
[Result "0-1"]
[ECO "D04"]
[WhiteElo "1749"]
[BlackElo "2084"]
[Annotator "RC"]
[PlyCount "120"]
[EventDate "2024.03.28"]
[EventType "schev"]
[EventCountry "USA"]
[SourceTitle "playchess.com"]
[Source "ChessBase"]
[SourceQuality "1"]
[TimeControl "5400+30"]

1. Nf3 Nf6 2. b3 g6 3. Bb2 Bg7 4. c4 O-O 5. e3 c5 6. Be2 Nc6 7. O-O d5 8. cxd5 Qxd5 9. d4 Ne4 10. Bc4 Qf5 11. Qe2 Rd8 12. dxc5 Bxb2 13. Qxb2 Nxc5 14. Nc3 b6 15. Rad1 Bb7 16. Qe2 Ne5 17. Nxe5 Qxe5 18. Nb5 a6 19. Nd4 b5 20. Bd3 Qd5 21. f4 e5 22. fxe5 Qxe5 23. Qf2 f5 24. Bb1 Re8 25. Rde1 Be4 26. Bxe4 Nxe4 27. Qf4 Nf6 28. Qg5 Ne4 29. Qh6 Rac8 30. Qf4 b4 31. Qxe5 Rxe5 32. Rc1 Nc3 33. Rfe1 Ra5 34. Rc2 Rxa2 35. Rxa2 Nxa2 36. Ra1 Rc1+ 37. Rxc1 Nxc1 38. Nc6 Nxb3 39. Nxb4 a5 40. Nd5 a4 41. Nc3 Nc5 42. Kf1 a3 43. Ke2 Kf7 44. Kd1 Ne4 45. Na2 Ke6 46. Kc2 Ke5 47. Kd3 Kd5 48. Nb4+ Kc5 49. Na2 Nf2+ 50. Ke2 Ng4 51. h3 Ne5 52. Kd2 Kc4 53. Nc1 Nd3 54. Na2 Nb4 55. Nc1 a2 56. Nxa2 Nxa2 57. g4 fxg4 58. hxg4 Kd5 59. Kd3 Nb4+ 60. Kc3 Nc6 0-1

[Event "1000GM Spring Break Schev-F 2024"]
[Site "San Jose"]
[Date "2024.04.07"]
[Round "3.2"]
[White "Penagalapati, Abhinav"]
[Black "Dominguez Aguilar, Guillermo"]
[Result "0-1"]
[ECO "A34"]
[WhiteElo "2098"]
[BlackElo "2285"]
[Annotator "RC"]
[PlyCount "68"]
[EventDate "2024.03.28"]
[EventType "schev"]
[EventCountry "USA"]
[SourceTitle "playchess.com"]
[Source "ChessBase"]
[SourceQuality "1"]
[TimeControl "5400+30"]

1. Nf3 Nf6 2. c4 g6 3. Nc3 c5 4. g3 Bg7 5. Bg2 O-O 6. O-O d5 7. cxd5 Nxd5 8. Qb3 Nb4 9. a3 Be6 10. Qa4 Bd7 11. Qb3 Qa5 12. axb4 Qxa1 13. bxc5 Nc6 14. d4 Qa6 15. Rd1 b6 16. Nd5 Rab8 17. Qe3 bxc5 18. dxc5 Qa4 19. Nc3 Bxc3 20. Rxd7 Bxb2 21. Bxb2 Rxb2 22. h4 Rc2 23. Rc7 Qb5 24. Kh2 Rxe2 25. Qh6 Ne5 26. Nxe5 Rxe5 27. c6 Qb6 28. Rb7 Qxf2 29. c7 Re2 30. Qxf8+ Kxf8 31. c8=Q+ Kg7 32. Qc6 Re3 33. Qc7 e5 34. Kh1 Qe1+ 0-1

[Event "1000GM Spring Break Schev-F 2024"]
[Site "San Jose"]
[Date "2024.04.07"]
[Round "3.3"]
[White "Rodi, Luis Ernesto"]
[Black "Yang, Maxwell"]
[Result "1-0"]
[ECO "D85"]
[WhiteElo "2211"]
[BlackElo "1987"]
[Annotator "RC"]
[PlyCount "99"]
[EventDate "2024.03.28"]
[EventType "schev"]
[EventCountry "USA"]
[SourceTitle "playchess.com"]
[Source "ChessBase"]
[SourceQuality "1"]
[TimeControl "5400+30"]

1. d4 Nf6 2. c4 g6 3. Nc3 d5 4. cxd5 Nxd5 5. Bd2 Nxc3 6. Bxc3 Bg7 7. e4 c5 8. d5 Bxc3+ 9. bxc3 Qd6 10. Qd2 O-O 11. f4 e6 12. Nf3 exd5 13. Bc4 Nc6 14. O-O d4 15. Bd5 Be6 16. Bxc6 Qxc6 17. f5 Qxe4 18. fxe6 fxe6 19. cxd4 Rad8 20. Rae1 Qg4 21. Qe3 cxd4 22. Qxe6+ Qxe6 23. Rxe6 Rd7 24. Rd1 Rf4 25. Kf2 d3 26. Rd2 Rd5 27. Re7 Rb4 28. Ke3 a5 29. Rxd3 Rxd3+ 30. Kxd3 Ra4 31. Re2 b5 32. Ne5 Kg7 33. Rb2 Kf6 34. Nc6 Ra3+ 35. Kd4 b4 36. Ne5 a4 37. Nc4 Rc3 38. Rxb4 Rc2 39. Rb2 Rc1 40. Nb6 a3 41. Rf2+ Kg5 42. Nc4 Rd1+ 43. Kc3 Rh1 44. h3 Kh4 45. Nxa3 Kg3 46. Rd2 Rg1 47. Nc2 Rxg2 48. Rxg2+ Kxg2 49. a4 Kxh3 50. a5 1-0

[Event "1000GM Spring Break Schev-F 2024"]
[Site "San Jose"]
[Date "2024.04.07"]
[Round "4.1"]
[White "Dominguez Aguilar, Guillermo"]
[Black "Sethuraman, Anand"]
[Result "1-0"]
[ECO "B14"]
[WhiteElo "2285"]
[BlackElo "1749"]
[Annotator "RC"]
[PlyCount "103"]
[EventDate "2024.03.28"]
[EventType "schev"]
[EventCountry "USA"]
[SourceTitle "playchess.com"]
[Source "ChessBase"]
[SourceQuality "1"]
[TimeControl "5400+30"]

1. e4 c6 2. c4 d5 3. exd5 cxd5 4. d4 Nf6 5. Nc3 Nc6 6. Nf3 e6 7. c5 Ne4 8. Bd3 f5 9. O-O Be7 10. Bb5 Bd7 11. Bxc6 Bxc6 12. Ne5 O-O 13. Ne2 Bb5 14. f3 Ng5 15. Re1 Bf6 16. Nf4 Re8 17. a4 Bd7 18. Qb3 Qc8 19. Nfd3 Nf7 20. Bf4 g5 21. Bg3 Kg7 22. Qc3 a5 23. Nxf7 Kxf7 24. Be5 Be7 25. Qd2 Ra6 26. h4 Rg8 27. hxg5 Bxg5 28. Bf4 Bf6 29. Qe3 Rg6 30. Kf2 Ra8 31. Rh1 Kg8 32. Rh5 Be8 33. Rah1 Rg7 34. Rh6 Bg6 35. Ne5 Bxe5 36. Bxe5 Qd7 37. Bxg7 Qxg7 38. Qxe6+ Bf7 39. Qe5 Qxe5 40. dxe5 Bg6 41. Rd1 Rd8 42. Rh4 Kf7 43. Ke3 Ke6 44. Kd4 b6 45. c6 Rc8 46. Rc1 Rc7 47. f4 h5 48. Rh3 Be8 49. Rb3 Bxc6 50. Rxb6 Kd7 51. e6+ Kd6 52. e7 1-0

[Event "1000GM Spring Break Schev-F 2024"]
[Site "San Jose"]
[Date "2024.04.07"]
[Round "4.3"]
[White "Yang, Maxwell"]
[Black "Gongora Montes, Benjamin"]
[Result "1/2-1/2"]
[ECO "D41"]
[WhiteElo "1987"]
[BlackElo "2092"]
[Annotator "RC"]
[PlyCount "52"]
[EventDate "2024.03.28"]
[EventType "schev"]
[EventCountry "USA"]
[SourceTitle "playchess.com"]
[Source "ChessBase"]
[SourceQuality "1"]
[TimeControl "5400+30"]

1. d4 d5 2. c4 e6 3. Nc3 Nf6 4. Nf3 c5 5. cxd5 Nxd5 6. e4 Nxc3 7. bxc3 cxd4 8. cxd4 Bb4+ 9. Bd2 Bxd2+ 10. Qxd2 O-O 11. Be2 b6 12. O-O Bb7 13. Qe3 Nc6 14. Rac1 Rc8 15. Rfd1 Re8 16. Qf4 Qf6 17. Qxf6 gxf6 18. a3 Ne7 19. Bd3 Rxc1 20. Rxc1 Rc8 21. Rxc8+ Nxc8 22. Nd2 Kf8 23. f3 Ne7 24. Kf2 f5 25. Ke3 fxe4 26. fxe4 Ng6 1/2-1/2

[Event "1000GM Spring Break Schev-F 2024"]
[Site "San Jose"]
[Date "2024.04.07"]
[Round "4.4"]
[White "Rodi, Luis Ernesto"]
[Black "Penagalapati, Abhinav"]
[Result "1-0"]
[ECO "B88"]
[WhiteElo "2211"]
[BlackElo "2098"]
[Annotator "RC"]
[PlyCount "93"]
[EventDate "2024.03.28"]
[EventType "schev"]
[EventCountry "USA"]
[SourceTitle "playchess.com"]
[Source "ChessBase"]
[SourceQuality "1"]
[TimeControl "5400+30"]

1. e4 c5 2. Nf3 d6 3. d4 cxd4 4. Nxd4 Nf6 5. Nc3 Nc6 6. Bc4 e6 7. Be3 a6 8. Bb3 Qc7 9. f4 Be7 10. O-O b5 11. a3 Bb7 12. f5 Nxd4 13. Qxd4 e5 14. Qd3 Rc8 15. Rac1 Ng4 16. Bd5 h6 17. Bxb7 Qxb7 18. Rce1 Nxe3 19. Rxe3 Rc4 20. Nd5 Bg5 21. Re2 Rd4 22. Qf3 Rxd5 23. exd5 O-O 24. c3 Rc8 25. Rd1 Rc5 26. g3 a5 27. Qd3 b4 28. axb4 axb4 29. c4 Ra5 30. Kg2 Bd8 31. Qb3 Bc7 32. Ree1 Bb8 33. Ra1 Qb6 34. Qf3 Ba7 35. Kh3 Qc7 36. Qf1 Bd4 37. Rxa5 Qxa5 38. Ra1 Qd8 39. Ra4 Bc5 40. b3 e4 41. f6 Qc8+ 42. Kg2 g5 43. h3 Kh7 44. g4 Kg8 45. Qa1 Kh7 46. Ra8 Qb7 47. Re8 1-0

[Event "1000GM Spring Break Schev-F 2024"]
[Site "San Jose"]
[Date "2024.04.07"]
[Round "4.5"]
[White "Varela Velazquez, Carlos Francisco"]
[Black "Jin, Austin"]
[Result "1-0"]
[ECO "E07"]
[WhiteElo "2084"]
[BlackElo "1966"]
[Annotator "RC"]
[PlyCount "83"]
[EventDate "2024.03.28"]
[EventType "schev"]
[EventCountry "USA"]
[SourceTitle "playchess.com"]
[Source "ChessBase"]
[SourceQuality "1"]
[TimeControl "5400+30"]

1. Nf3 d5 2. g3 Nf6 3. Bg2 e6 4. O-O Be7 5. c4 O-O 6. b3 c6 7. Bb2 b6 8. d4 Bb7 9. Nc3 Nbd7 10. Qd3 c5 11. cxd5 exd5 12. Rac1 Rc8 13. Rfd1 Re8 14. dxc5 bxc5 15. Na4 Bf8 16. e3 Nb6 17. Nxb6 axb6 18. Ng5 Ne4 19. Nh3 Qe7 20. Nf4 Red8 21. Qb1 Rc7 22. Rd3 Rcd7 23. Rcd1 b5 24. h4 c4 25. Rd4 Nf6 26. Qa1 h6 27. R4d2 Ne4 28. Rd4 Nf6 29. Qb1 b4 30. bxc4 dxc4 31. Bxb7 Rxd4 32. Bxd4 Qxb7 33. Bxf6 Rxd1+ 34. Qxd1 gxf6 35. Nd5 Bg7 36. Qd4 b3 37. axb3 cxb3 38. Qe4 Kh8 39. Qe8+ Kh7 40. Ne7 h5 41. Qg8+ Kh6 42. Qxf7 1-0

[Event "1000GM Spring Break Schev-F 2024"]
[Site "San Jose"]
[Date "2024.04.07"]
[Round "5.1"]
[White "Sethuraman, Anand"]
[Black "Rodi, Luis Ernesto"]
[Result "0-1"]
[ECO "A06"]
[WhiteElo "1749"]
[BlackElo "2211"]
[Annotator "RC"]
[PlyCount "94"]
[EventDate "2024.03.28"]
[EventType "schev"]
[EventCountry "USA"]
[SourceTitle "playchess.com"]
[Source "ChessBase"]
[SourceQuality "1"]
[TimeControl "5400+30"]

1. Nf3 d5 2. b3 Bg4 3. Bb2 Nd7 4. e3 e6 5. Be2 Ngf6 6. O-O Bd6 7. d3 Qe7 8. c4 c6 9. Nc3 O-O 10. d4 Ne4 11. Nd2 Bxe2 12. Qxe2 f5 13. Ncxe4 fxe4 14. f3 Qh4 15. g3 exf3 16. Rxf3 Qh6 17. Raf1 Rxf3 18. Rxf3 Bb4 19. Nf1 Nf6 20. a3 Bd6 21. Nd2 Qg6 22. e4 dxe4 23. Re3 Bf4 24. Rc3 Bxd2 25. Qxd2 Rf8 26. Rc1 Ng4 27. Rf1 Rxf1+ 28. Kxf1 Qf5+ 29. Qf4 Nxh2+ 30. Kg2 Qxf4 31. gxf4 Ng4 32. Bc1 Kf7 33. Kg3 h5 34. Kh4 Kg6 35. b4 e3 36. Kg3 e2 37. Bd2 Ne3 38. Kf2 Nxc4 39. Bc1 Kf5 40. Kxe2 Ke4 41. a4 g6 42. b5 cxb5 43. axb5 a5 44. bxa6 bxa6 45. Kf2 a5 46. Kg3 a4 47. Kh4 Kf5 0-1

[Event "1000GM Spring Break Schev-F 2024"]
[Site "San Jose"]
[Date "2024.04.07"]
[Round "5.3"]
[White "Solis Castro, Angel Alejan"]
[Black "Yang, Maxwell"]
[Result "1/2-1/2"]
[ECO "D87"]
[WhiteElo "2066"]
[BlackElo "1987"]
[Annotator "RC"]
[PlyCount "72"]
[EventDate "2024.03.28"]
[EventType "schev"]
[EventCountry "USA"]
[SourceTitle "playchess.com"]
[Source "ChessBase"]
[SourceQuality "1"]
[TimeControl "5400+30"]

1. c4 Nf6 2. Nc3 d5 3. cxd5 Nxd5 4. e4 Nxc3 5. bxc3 g6 6. d4 Bg7 7. Bc4 c5 8. Ne2 O-O 9. O-O Nc6 10. Be3 b6 11. dxc5 Qc7 12. cxb6 axb6 13. Bb3 Ba6 14. Qc2 Na5 15. Rab1 Nxb3 16. axb3 Bxe2 17. Qxe2 Qc6 18. c4 Qxe4 19. Rfe1 Qc6 20. Bg5 e6 21. Red1 h6 22. Be7 Rfe8 23. Bb4 Red8 24. h4 Bf6 25. Qe3 Bg7 26. h5 g5 27. Be7 Re8 28. Bb4 Red8 29. Bc3 Qc5 30. Qf3 e5 31. Qe4 b5 32. Ra1 Rxa1 33. Rxa1 bxc4 34. bxc4 f5 35. Qxf5 Qxc4 36. Be1 Qf7 1/2-1/2

[Event "1000GM Spring Break Schev-F 2024"]
[Site "San Jose"]
[Date "2024.04.07"]
[Round "5.4"]
[White "Gongora Montes, Benjamin"]
[Black "Penagalapati, Abhinav"]
[Result "1/2-1/2"]
[ECO "D13"]
[WhiteElo "2092"]
[BlackElo "2098"]
[Annotator "RC"]
[PlyCount "45"]
[EventDate "2024.03.28"]
[EventType "schev"]
[EventCountry "USA"]
[SourceTitle "playchess.com"]
[Source "ChessBase"]
[SourceQuality "1"]
[TimeControl "5400+30"]

1. d4 d5 2. c4 c6 3. Nf3 Nf6 4. cxd5 cxd5 5. Nc3 Nc6 6. Bf4 e6 7. e3 a6 8. Bd3 Bd6 9. Bxd6 Qxd6 10. O-O O-O 11. Na4 Nd7 12. Rc1 f5 13. a3 Nf6 14. b4 Bd7 15. Nc5 Rfb8 16. Qb3 Be8 17. Qb2 Ne7 18. a4 Ne4 19. Ne5 b5 20. f3 Nxc5 21. dxc5 Qc7 22. a5 Nc6 23. f4 1/2-1/2